 Dungeon Crawl Stone Soup version 0.18.1-50-g88ac8fd (webtiles) character file.

175 go0n the Covert (level 5, -1/35 HPs)
             Began as an Octopode Assassin on Sept 15, 2016.
             Was an Initiate of Dithmenos.
             Killed by divine providence
             ... invoked by an orc priest
              (16 damage)
             ... on level 5 of the Dungeon.
             The game lasted 00:26:44 (3215 turns).

go0n the Covert (Octopode Assassin)                 Turns: 3215, Time: 00:26:45

Health: -1/35      AC:  6    Str: 10    XL:     5   Next: 55%
Magic:  5/5        EV: 12    Int: 14    God:    Dithmenos [......]
Gold:   205        SH:  0    Dex: 14    Spells: 0 memorised, 4 levels left

rFire  . . .     SeeInvis .     g - +2 dagger (protect)
rCold  . . .     Gourm    .     (no shield)
rNeg   . . .     Faith    .     (helmet restricted)
rPois  .         Spirit   .     (no amulet)
rElec  .         Dismiss  .     (no ring)
rCorr  .         Reflect  .     (no ring)
SustAt .         Harm     .     (no ring)
MR     .....                    (no ring)
Stlth  +++++.....               (no ring)
                                (no ring)
                                (no ring)
                                (no ring)

@: not resistant to hostile enchantments, quite stealthy
A: almost no armour, amphibious, 8 rings, constrict 8, camouflage 1, gelatinous
body 1
a: Renounce Religion


You were on level 5 of the Dungeon.
You worshipped Dithmenos.
Dithmenos was noncommittal.
You were not hungry.

You visited 1 branch of the dungeon, and saw 5 of its levels.

You collected 205 gold pieces.

Inventory:

Hand Weapons
 a - a +2 dagger
 b - a +0 blowgun
 g - a +2 dagger of protection (weapon)
 u - a +0 spear
Missiles
 c - 19 poisoned needles
 d - 2 curare-tipped needles
 i - 8 needles of sleeping
 n - 40 arrows
 v - 28 bolts
Wands
 y - a wand of slowing (23/48)
Scrolls
 e - a scroll of magic mapping
 k - a scroll of fear
 o - 5 scrolls of identify
 q - 2 scrolls of teleportation
 r - 2 scrolls of remove curse
 w - 3 scrolls of noise {unknown}
 x - a scroll of immolation {unknown}
Potions
 j - a potion of ambrosia
 p - a potion of haste {unknown}
 s - a potion of flight {unknown}
 t - 2 potions of curing {unknown}
 z - a potion of heal wounds {unknown}
 A - a potion of berserk rage {unknown}
 C - a potion of might {unknown}
Comestibles
 f - 4 bread rations
 h - a slice of pizza


   Skills:
 + Level 2.5 Fighting
 + Level 2.2 Short Blades
 - Level 2.0 Throwing
 + Level 2.0 Dodging
 + Level 8.2 Stealth


You had 4 spell levels left.
You didn't know any spells.

Dungeon Overview and Level Annotations

Branches:
Dungeon (5/15)
 Temple: D:4-7

Altars:
Cheibriados
Dithmenos
Elyvilon
Pakellas
Vehumet
Xom


Innate Abilities, Weirdness & Mutations

You cannot wear most types of armour.
You are amphibious.
You can wear up to eight rings at the same time.
You can use your tentacles to constrict eight enemies at once.
Your skin changes colour to match your surroundings (Stealth).
Your rubbery body absorbs attacks (AC +1).


Message History

The orc shouts!
The orc priest shouts!
Your grab misses the orc wizard. The orc wizard hits you with a dagger.
You hit the orc wizard. You grab the orc wizard.
The orc wizard is moderately wounded.
You constrict the orc wizard, but do no damage.
The orc wizard hits you with a dagger.
You release your grip on the orc wizard.
The orc wizard gestures at you while chanting.
The puff of flame hits you!
The orc priest looks braver for a moment.
The orc wizard gestures at you while chanting.
The magic dart hits you!
The orc wizard hits you but does no damage.
The orc wizard barely misses you.
You see here 12 arrows.
A scorpion comes into view.
The orc wizard hits you but does no damage.
The orc priest invokes the aid of Beogh against you.
Beogh smites you!
You die...

.......
.......
.......
.......
.......
##.......
#......s.
#@#########
#.o.......#
#.........#
#..oo.....#
#.........#
#....o.[..#
#.........#
#.........#
#.........#


You could see a scorpion (sleeping), 2 orc priests, an orc wizard and an orc.

Vanquished Creatures
  An orc priest (D:3)
  A worker ant (D:5)
  3 adders
  2 gnolls
  A shadow imp (D:3)
  A worm (D:2)
  A dart slug (D:3)
  A giant gecko (D:3)
  4 orcs
  4 giant cockroaches
  8 goblins
  6 hobgoblins
  4 jackals (D:4)
  7 kobolds
  A quokka (D:2)
  3 ball pythons (D:3)
  3 bats
  A giant gecko skeleton (D:4)
  5 giant newts
  7 rats
64 creatures vanquished.

Notes
Turn   | Place    | Note
--------------------------------------------------------------
     0 | D:1      | go0n the Octopode Assassin began the quest for the Orb.
     0 | D:1      | Reached XP level 1. HP: 14/14 MP: 1/1
    95 | D:1      | Reached XP level 2. HP: 19/19 MP: 2/2
   248 | D:1      | Reached skill level 6 in Stealth
  1034 | D:2      | Reached XP level 3. HP: 24/24 MP: 3/3
  1068 | D:2      | Found an oddly glowing altar of Pakellas.
  1173 | D:2      | Found a shimmering altar of Xom.
  1355 | D:2      | Found a radiant altar of Vehumet.
  1470 | D:3      | Reached skill level 7 in Stealth
  1668 | D:3      | Reached XP level 4. HP: 27/29 MP: 4/4
  1755 | D:3      | Found a shadowy altar of Dithmenos.
  1763 | D:3      | Became a worshipper of Dithmenos the Shadowed
  1950 | D:3      | Found a snail-covered altar of Cheibriados.
  2198 | D:3      | Reached XP level 5. HP: 19/34 MP: 5/5
  2674 | D:4      | Reached skill level 8 in Stealth
  3065 | D:4      | Found a white marble altar of Elyvilon.
  3193 | D:5      | Entered Level 5 of the Dungeon
  3215 | D:5      | Killed from afar by an orc priest

Skill      XL: |  1  2  3  4  5 |
---------------+----------------+-----
Stealth        | 6 7 8 |  8.2
Dodging        | 2 |  2.0
Fighting       | |  2.5
Short Blades   | |  2.2
Throwing       | |  2.0

Action                   |  1- 3 |  4- 6 || total
-------------------------+-------+-------++-------
Melee: Dagger            |    46 |    57 ||   103
       Constrict         |    12 |    18 ||    30
       Tentacles         |     9 |     9 ||    18
       Whip              |     3 |       ||     3
 Fire: Blowgun           |    30 |    11 ||    41
  Use: Scroll            |     5 |     5 ||    10
 Stab: Sleeping          |     2 |     3 ||     5
  Eat: Chunk             |     2 |     2 ||     4
       Meat ration       |       |     1 ||     1
Armor: Skin              |     9 |    24 ||    33
Dodge: Dodged            |    29 |    38 ||    67
